[Event "ESTCC-50 2025"]
[Site "Swidnica"]
[Date "2025.04.05"]
[Round "1.1"]
[White "Buckley, Graeme N"]
[Black "Laszewicz, Pawel"]
[Result "1-0"]
[Annotator "ChessBase"]
[ECO "B52"]
[WhiteElo "2268"]
[BlackElo "2011"]
[PlyCount "81"]
[EventDate "2025.04.05"]
[EventType "team-tourn"]
[EventCountry "POL"]
[SourceTitle "playchess.com"]
[Source "ChessBase"]
[SourceQuality "1"]
[TimeControl "40/5400+30:1800+30"]

1. e4 c5 2. Nf3 d6 3. Bb5+ Bd7 4. Bxd7+ Qxd7 5. c4 g6 6. Nc3 Bg7 7. d4 cxd4 8. Nxd4 Nc6 9. Be3 Nf6 10. f3 O-O 11. O-O Rfd8 12. Qd2 Qc7 13. Rac1 Nxd4 14. Bxd4 Qxc4 15. Nd5 Qa4 16. Nxe7+ Kf8 17. Rc7 Rd7 18. Rxd7 Qxd7 19. Bxf6 Bxf6 20. Nd5 Bg7 21. f4 Rc8 22. f5 Kg8 23. h4 Re8 24. Qf4 Qa4 25. b4 Qb5 26. Rf3 Bd4+ 27. Kh1 Be5 28. Qe3 Qa4 29. Rf1 Qxa2 30. Qf3 Qa4 31. fxg6 fxg6 32. b5 Qxb5 33. Qf7+ Kh8 34. Nc7 Qxf1+ 35. Qxf1 Rc8 36. g3 a5 37. Kg2 a4 38. Nb5 Kg7 39. Qd1 Ra8 40. Qd5 Rf8 41. Qxb7+ 1-0

[Event "ESTCC-50 2025"]
[Site "Swidnica"]
[Date "2025.04.05"]
[Round "1.2"]
[White "Machlowski, Slawomir"]
[Black "Dickenson, Neil F"]
[Result "0-1"]
[Annotator "ChessBase"]
[ECO "A00"]
[WhiteElo "1963"]
[BlackElo "2250"]
[PlyCount "98"]
[EventDate "2025.04.05"]
[EventType "team-tourn"]
[EventCountry "POL"]
[SourceTitle "playchess.com"]
[Source "ChessBase"]
[SourceQuality "1"]
[TimeControl "40/5400+30:1800+30"]

1. g3 e5 2. c4 Nf6 3. Bg2 d5 4. cxd5 Nxd5 5. Nf3 Nc6 6. O-O Nb6 7. b3 Be7 8. Bb2 f6 9. d4 e4 10. Nfd2 f5 11. Nc4 Bf6 12. Ne5 Nb4 13. Na3 O-O 14. Nc2 Bxe5 15. Nxb4 Bf6 16. Nc2 a5 17. f3 exf3 18. Bxf3 a4 19. Qd3 g6 20. Rad1 c6 21. Ba3 Be7 22. Bc1 Be6 23. Bh6 Rf7 24. e4 axb3 25. axb3 Bg5 26. Bxg5 Qxg5 27. exf5 Bxf5 28. Be4 Raf8 29. Bxf5 Rxf5 30. Rxf5 Rxf5 31. Qe4 Nd5 32. Re1 Qd2 33. Qe2 Qxe2 34. Rxe2 Rf3 35. b4 Rb3 36. Kf2 Kf7 37. Ne3 Nxe3 38. Rxe3 Rxb4 39. Re4 Rb2+ 40. Kg1 Rd2 41. h4 h5 42. Kf1 Kf6 43. Ke1 Rb2 44. g4 hxg4 45. Rxg4 b5 46. d5 cxd5 47. Rg5 Rh2 48. Rxd5 b4 49. Rd4 b3 0-1

[Event "ESTCC-50 2025"]
[Site "Swidnica"]
[Date "2025.04.05"]
[Round "1.3"]
[White "Crocker, Philip J"]
[Black "Kruczynski, Marek"]
[Result "1-0"]
[Annotator "ChessBase"]
[ECO "A41"]
[WhiteElo "2137"]
[BlackElo "1862"]
[PlyCount "173"]
[EventDate "2025.04.05"]
[EventType "team-tourn"]
[EventCountry "POL"]
[SourceTitle "playchess.com"]
[Source "ChessBase"]
[SourceQuality "1"]
[WhiteTeam "England"]
[BlackTeam "Poland"]
[TimeControl "40/5400+30:1800+30"]

1. c4 g6 2. Nc3 Bg7 3. d4 d6 4. Nf3 Nd7 5. g3 e5 6. Bg2 Ne7 7. h4 Nc6 8. d5 Ne7 9. e4 a5 10. h5 Nc5 11. h6 Bf6 12. Be3 b6 13. Qc2 Bd7 14. Nd2 O-O 15. f3 Kh8 16. Bh3 Ng8 17. Bxd7 Nxd7 18. O-O-O Bg5 19. f4 Be7 20. Nf3 Ngf6 21. Rdf1 Ng4 22. Qe2 Nxe3 23. Qxe3 f6 24. f5 g5 25. g4 Nc5 26. b3 Rg8 27. Rh2 Qd7 28. Rd1 Na6 29. Ne1 Nc5 30. Nd3 Nb7 31. Kd2 Nd8 32. Ke1 Nf7 33. Rdd2 Rgc8 34. Nf2 Bf8 35. Rh5 Be7 36. Nd3 Qe8 37. Kf2 Bf8 38. Kf3 Be7 39. Rh1 Bf8 40. Nc1 Qe7 41. Rdh2 Qd7 42. N1e2 Be7 43. Ng3 Rg8 44. Nh5 Rgc8 45. Ng7 Bf8 46. Ne6 Be7 47. Rd1 Qe8 48. Qf2 Kg8 49. Qb2 Qd7 50. Qa3 Qe8 51. Qa4 Qxa4 52. Nxa4 Bf8 53. Nc3 Be7 54. Ke2 Kh8 55. Kd3 Kg8 56. Kc2 Kh8 57. Kb2 Kg8 58. Rc1 Kh8 59. Ka3 c6 60. Kb2 c5 61. Ka3 Ra7 62. Ka4 Rb7 63. Kb5 Kg8 64. Ka4 Bd8 65. Nb5 Be7 66. Ka3 Kh8 67. Kb2 Kg8 68. Kc3 Bd8 69. a3 Ra8 70. Rb1 Be7 71. Ra1 Bf8 72. Nbc7 Rc8 73. Nxf8 Rcxc7 74. Ne6 Rd7 75. b4 Ra7 76. bxc5 dxc5 77. Rb1 Nd6 78. Rxb6 Nxe4+ 79. Kd3 Nd6 80. Rb8+ Kf7 81. Nd8+ Rxd8 82. Rxd8 e4+ 83. Kc3 Ke7 84. Rh8 Nf7 85. Rxh7 Kd6 86. Rxf7 Rxf7 87. h7 1-0

[Event "ESTCC-50 2025"]
[Site "Swidnica"]
[Date "2025.04.05"]
[Round "1.4"]
[White "Szydelko, Kazimierz"]
[Black "Noyce, Robert C"]
[Result "0-1"]
[Annotator "NA"]
[ECO "A87"]
[WhiteElo "1798"]
[BlackElo "2065"]
[PlyCount "60"]
[EventDate "2025.04.05"]
[EventType "team-tourn"]
[EventCountry "POL"]
[SourceTitle "playchess.com"]
[Source "ChessBase"]
[SourceQuality "1"]
[TimeControl "40/5400+30:1800+30"]

1. Nf3 f5 2. d4 Nf6 3. c4 g6 4. g3 Bg7 5. Bg2 O-O 6. O-O d6 7. Nc3 Qe8 8. e4 Nxe4 9. Nxe4 fxe4 10. Ng5 Nc6 11. Be3 e5 12. d5 Nd4 13. Nxe4 Bf5 14. Qd2 Qd7 15. Rac1 b6 16. f4 Bxe4 17. Bxe4 Nf5 18. Bxf5 Qxf5 19. b4 exf4 20. Rxf4 Qd7 21. Rcf1 Rxf4 22. Rxf4 Re8 23. Kg2 Qe7 24. Rf3 Qe4 25. Qe2 Bd4 26. Kf2 g5 27. h3 h5 28. Qd2 g4 29. hxg4 hxg4 30. Bxd4 Qxf3+ 0-1

[Event "ESTCC-50 2025"]
[Site "Swidnica"]
[Date "2025.04.05"]
[Round "1.5"]
[White "Zeidler, Sven P."]
[Black "Rogowski, Jaroslaw"]
[Result "1-0"]
[Annotator "ChessBase"]
[ECO "B07"]
[WhiteElo "2143"]
[BlackElo "2050"]
[PlyCount "91"]
[EventDate "2025.04.05"]
[EventType "team-tourn"]
[EventCountry "POL"]
[SourceTitle "playchess.com"]
[Source "ChessBase"]
[SourceQuality "1"]
[TimeControl "40/5400+30:1800+30"]

1. e4 Nf6 2. Nc3 d6 3. d4 g6 4. Bc4 c6 5. Qf3 e5 6. Bg5 Bg7 7. Nge2 Nbd7 8. O-O-O b5 9. Bb3 b4 10. Nb1 Qe7 11. Rhe1 O-O 12. Nd2 a5 13. Ba4 Ra6 14. Nc4 h6 15. Bh4 g5 16. Bg3 Nb6 17. Nxb6 Rxb6 18. dxe5 dxe5 19. Qe3 c5 20. f3 Be6 21. Kb1 Rc8 22. Bf2 Rb7 23. Ng3 c4 24. Nf5 Bxf5 25. exf5 Nd7 26. Qe4 Nb6 27. Bb5 Rcc7 28. h4 Nc8 29. Ba6 Rb8 30. hxg5 hxg5 31. Qd5 c3 32. Qd8+ Bf8 33. f6 Qxd8 34. Rxd8 Rc6 35. Rh1 Rxf6 36. Rxc8 Rxc8 37. Bxc8 cxb2 38. Be3 Rc6 39. Bf5 f6 40. Kxb2 Rc3 41. Bd2 Rc6 42. Re1 Kf7 43. Re3 Bd6 44. Rd3 Ke7 45. Rd5 Ra6 46. Be3 1-0

[Event "ESTCC-50 2025"]
[Site "Swidnica"]
[Date "2025.04.05"]
[Round "1.6"]
[White "Ograbek, Grzegorz"]
[Black "Fletcher, John"]
[Result "1/2-1/2"]
[Annotator "NA"]
[ECO "A01"]
[WhiteElo "2068"]
[BlackElo "1989"]
[PlyCount "40"]
[EventDate "2025.04.05"]
[EventType "team-tourn"]
[EventCountry "POL"]
[SourceTitle "playchess.com"]
[Source "ChessBase"]
[SourceQuality "1"]
[TimeControl "40/5400+30:1800+30"]

1. b3 d5 2. Bb2 Nf6 3. Nf3 c5 4. e3 Nc6 5. Be2 g6 6. d4 Bg7 7. O-O cxd4 8. Nxd4 O-O 9. Nxc6 bxc6 10. c4 Re8 11. Nc3 e5 12. Na4 Qe7 13. Rc1 Ba6 14. Qd2 dxc4 15. Bxc4 Bc8 16. Be2 Rd8 17. Qa5 Rd5 18. Rc5 Ne4 19. Rxd5 cxd5 20. f3 Nf6 1/2-1/2

[Event "ESTCC-50 2025"]
[Site "Swidnica"]
[Date "2025.04.05"]
[Round "1.7"]
[White "Adams, Mark"]
[Black "Czyz, Andrzej"]
[Result "0-1"]
[Annotator "NA"]
[ECO "C11"]
[WhiteElo "1916"]
[BlackElo "1985"]
[PlyCount "90"]
[EventDate "2025.04.05"]
[EventType "team-tourn"]
[EventCountry "POL"]
[SourceTitle "playchess.com"]
[Source "ChessBase"]
[SourceQuality "1"]
[TimeControl "40/5400+30:1800+30"]

1. e4 e6 2. d4 d5 3. Nc3 Nf6 4. Bg5 dxe4 5. Nxe4 Be7 6. Bxf6 gxf6 7. Nf3 f5 8. Ng3 a6 9. Bd3 Nc6 10. c3 b5 11. Qe2 Bb7 12. Rd1 Rg8 13. d5 Qxd5 14. Bxf5 Qxa2 15. Bxh7 Rg7 16. Bb1 Qb3 17. Qc2 Qxc2 18. Bxc2 Na5 19. Ke2 Nc4 20. Rb1 Rd8 21. Rhd1 f5 22. Nd4 Rd6 23. Kf1 c5 24. Nb3 Rxd1+ 25. Rxd1 Nxb2 26. Re1 Bd5 27. f3 Nc4 28. Nh5 Rf7 29. Nf4 Kd7 30. Nd3 f4 31. Nbxc5+ Bxc5 32. Nxc5+ Ke7 33. Bd3 a5 34. Kf2 Kd6 35. Bxc4 Kxc5 36. Bd3 a4 37. Ra1 Ra7 38. h4 a3 39. Ke2 a2 40. Kd2 b4 41. cxb4+ Kxb4 42. h5 Kb3 43. h6 Kb2 44. h7 Ra8 45. Rh1 a1=Q 0-1

[Event "ESTCC-50 2025"]
[Site "Swidnica"]
[Date "2025.04.05"]
[Round "1.8"]
[White "Wielosz, Jaroslaw"]
[Black "Van Kemenade, Rudy"]
[Result "1-0"]
[Annotator "NA"]
[ECO "E97"]
[WhiteElo "1939"]
[BlackElo "1945"]
[PlyCount "79"]
[EventDate "2025.04.05"]
[EventType "team-tourn"]
[EventCountry "POL"]
[SourceTitle "playchess.com"]
[Source "ChessBase"]
[SourceQuality "1"]
[TimeControl "40/5400+30:1800+30"]

1. Nf3 Nf6 2. c4 g6 3. Nc3 Bg7 4. e4 d6 5. d4 O-O 6. Be2 e5 7. O-O Nc6 8. d5 Ne7 9. b4 Ne8 10. a4 h6 11. a5 f5 12. a6 b6 13. c5 f4 14. Nd2 Nf6 15. cxd6 cxd6 16. Nc4 h5 17. f3 g5 18. Nb5 Ne8 19. Bd2 Ng6 20. Be1 Rf7 21. Bf2 Bf8 22. Nxa7 Rfxa7 23. Nxb6 Rb8 24. Nxc8 Rg7 25. Na7 Ne7 26. b5 g4 27. fxg4 hxg4 28. Bxg4 Nf6 29. Be6+ Kh8 30. Qd3 Qe8 31. Nc6 Nxc6 32. bxc6 Qg6 33. Qh3+ Rh7 34. Bf5 Rxh3 35. Bxg6 Rc3 36. a7 Ra8 37. Rfb1 Kg7 38. Bf5 Kh6 39. Rb8 Rxa7 40. Bxa7 1-0

[Event "ESTCC-50 2025"]
[Site "Swidnica"]
[Date "2025.04.05"]
[Round "1.9"]
[White "Bischoff, Klaus"]
[Black "Adams, Michael"]
[Result "0-1"]
[Annotator "TA"]
[ECO "A28"]
[WhiteElo "2425"]
[BlackElo "2661"]
[PlyCount "114"]
[EventDate "2025.04.05"]
[EventType "team-tourn"]
[EventCountry "POL"]
[SourceTitle "playchess.com"]
[Source "ChessBase"]
[SourceQuality "1"]
[TimeControl "40/5400+30:1800+30"]

1. c4 e5 2. Nc3 Nf6 3. Nf3 Nc6 4. d3 g6 5. e3 Bg7 6. Be2 {[%emt 0:00:19] A28: English Opening: Four Knights Variation.} O-O 7. a3 d5 8. cxd5 {[%emt 0:00:29] The position is equal.} Nxd5 9. Bd2 a5 {[%emt 0:01:58] has lost popularity (9...Be6).} 10. Qc2 Nxc3 11. Bxc3 a4 12. O-O Be6 13. Rac1 Re8 14. Nd2 Re7 $146 (14... Bd5 15. Rfd1 Re7 16. Bg4 h6 17. h3 Kh7 18. e4 Be6 19. Bxe6 Rxe6 20. Nf3 Qd7 {1-0 Gumularz,S (2590)-Pajeken,J (2424) Bremen Jubilee 125 op 2024 (8)}) 15. Nc4 Bd5 16. Rfd1 Rd7 17. Be1 Qg5 18. Bf1 Bf3 19. Nd2 $1 Bxd1 20. Qxd1 f5 {[%emt 0:08:44] Wards off Ne4} 21. Rc4 $1 Kh8 22. Rxa4 Qd8 23. Rxa8 Qxa8 24. Qc2 Nd8 25. Nf3 b6 26. e4 Nf7 27. Bc3 Re7 28. a4 Nd6 29. Nd2 c5 30. Be2 Ra7 31. b3 b5 32. Bd1 fxe4 33. dxe4 c4 34. axb5 (34. a5 $11) 34... Nxb5 $17 {[%emt 0:00:14] Black converts the advantage convincingly.} 35. Nxc4 Nxc3 36. Qxc3 Qxe4 {[%emt 0:00:53] ...Qd4 is the strong threat.} 37. Nd6 {[%emt 0:02:47] [#]} (37. g3 $142) 37... Qd5 $1 $40 {[%emt 0:01:44][%csl LRd1,LRd6][%mdl 128] Black is out for blood.} 38. Qc8+ Qg8 39. Kf1 (39. Qxg8+ $17 Kxg8 40. Be2) 39... Qxc8 $19 40. Nxc8 {[%emt 0:00:00][%mdl 4096] Endgame KRB-KBN} Ra2 41. Bf3 Bf8 {[%emt 0:03:24] Repels Nd6} 42. Nb6 {[%emt 0:00:38] [#]} Bc5 $1 43. Nc4 Bd4 44. b4 Rxf2+ 45. Ke1 Rc2 46. Bd5 Rc1+ 47. Kd2 Rb1 48. Kd3 Rxb4 49. h3 Kg7 50. Nd2 Bb6 51. Bc4 Ba5 52. Ne4 Rb2 53. g3 Bb6 54. h4 Rg2 55. Be6 Bg1 56. Bh3 $2 (56. Bd5 {keeps fighting.}) 56... Ra2 57. Be6 Ra3+ {[%emt 0:01:47] Weighted Error Value: White=0.21 (precise) /Black=0.11 (very precise)   Mistake:       	White=4     	---        Inaccurate:     	White=2     	Black=2      OK:         	White=17    	Black=18     Best:        	White=2     	Black=4      Strong:       	White=2     	Black=2} 0-1

[Event "ESTCC-50 2025"]
[Site "Swidnica"]
[Date "2025.04.05"]
[Round "1.10"]
[White "Emms, John M"]
[Black "Holzke, Frank"]
[Result "1/2-1/2"]
[Annotator "RC"]
[ECO "C47"]
[WhiteElo "2411"]
[BlackElo "2412"]
[PlyCount "56"]
[EventDate "2025.04.05"]
[EventType "team-tourn"]
[EventCountry "POL"]
[SourceTitle "playchess.com"]
[Source "ChessBase"]
[SourceQuality "1"]
[WhiteTeam "England"]
[BlackTeam "Germany"]
[TimeControl "40/5400+30:1800+30"]

1. e4 e5 2. Nf3 Nc6 3. Nc3 Nf6 4. d4 exd4 5. Nxd4 Bb4 6. Nxc6 bxc6 7. Bd3 d5 8. exd5 O-O 9. O-O cxd5 10. h3 c6 11. Qf3 Re8 12. Bf4 Bd6 13. Rfe1 Bxf4 14. Qxf4 Be6 15. b4 a5 16. a3 Qb8 17. Qd4 Qa7 18. Qxa7 Rxa7 19. b5 c5 20. b6 Rae7 21. Rab1 Kf8 22. Bb5 Rb8 23. Bc6 d4 24. Na4 Bd7 25. Bxd7 Rxe1+ 26. Rxe1 Nxd7 27. Kf1 c4 28. Re4 Nxb6 1/2-1/2

[Event "ESTCC-50 2025"]
[Site "Swidnica"]
[Date "2025.04.05"]
[Round "1.11"]
[White "Boensch, Uwe"]
[Black "Flear, Glenn C"]
[Result "1/2-1/2"]
[Annotator "RC"]
[ECO "E10"]
[WhiteElo "2465"]
[BlackElo "2366"]
[PlyCount "52"]
[EventDate "2025.04.05"]
[EventType "team-tourn"]
[EventCountry "POL"]
[SourceTitle "playchess.com"]
[Source "ChessBase"]
[SourceQuality "1"]
[WhiteTeam "Germany"]
[BlackTeam "England"]
[TimeControl "40/5400+30:1800+30"]

1. d4 Nf6 2. c4 e6 3. Nf3 d5 4. e3 a6 5. b3 Nbd7 6. Nbd2 b6 7. Bd3 Bb7 8. O-O Bd6 9. Bb2 O-O 10. Qe2 Ne4 11. Rfd1 Qe7 12. Nf1 dxc4 13. bxc4 e5 14. c5 bxc5 15. dxe5 Nxe5 16. Bxe4 Bxe4 17. Nxe5 Bxe5 18. Bxe5 Qxe5 19. Rac1 h6 20. Qc4 Rfd8 21. Rxd8+ Rxd8 22. Qxa6 Ra8 23. Qc4 Bd5 24. Qxc5 Rxa2 25. Qd4 Qxd4 26. exd4 c6 1/2-1/2

[Event "ESTCC-50 2025"]
[Site "Swidnica"]
[Date "2025.04.05"]
[Round "1.12"]
[White "Davies, Nigel R"]
[Black "Tischbierek, Raj"]
[Result "1/2-1/2"]
[Annotator "RC"]
[ECO "A14"]
[WhiteElo "2309"]
[BlackElo "2418"]
[PlyCount "35"]
[EventDate "2025.04.05"]
[EventType "team-tourn"]
[EventCountry "POL"]
[SourceTitle "playchess.com"]
[Source "ChessBase"]
[SourceQuality "1"]
[WhiteTeam "England"]
[BlackTeam "Germany"]
[TimeControl "40/5400+30:1800+30"]

1. Nf3 d5 2. c4 e6 3. g3 Nf6 4. Bg2 Be7 5. O-O O-O 6. b3 c5 7. cxd5 Nxd5 8. Bb2 Nc6 9. d4 cxd4 10. Nxd4 Bd7 11. Nc3 Nxc3 12. Bxc3 Rc8 13. Qd2 Nxd4 14. Bxd4 Bc6 15. Bxc6 Rxc6 16. Qb2 Bf6 17. Rad1 Qe7 18. Bxf6 1/2-1/2

[Event "ESTCC-50 2025"]
[Site "Swidnica"]
[Date "2025.04.05"]
[Round "1.13"]
[White "Lalic, Susan K"]
[Black "Zych, Marek"]
[Result "1/2-1/2"]
[Annotator "ChessBase"]
[ECO "B31"]
[WhiteElo "2227"]
[BlackElo "1942"]
[PlyCount "76"]
[EventDate "2025.04.05"]
[EventType "team-tourn"]
[EventCountry "POL"]
[SourceTitle "playchess.com"]
[Source "ChessBase"]
[SourceQuality "1"]
[TimeControl "40/5400+30:1800+30"]

1. e4 c5 2. Nf3 Nc6 3. Bb5 g6 4. O-O Bg7 5. Re1 Nf6 6. e5 Nd5 7. Nc3 Nc7 8. Bxc6 dxc6 9. Ne4 Ne6 10. d3 O-O 11. Be3 b6 12. Qd2 f5 13. exf6 exf6 14. Bh6 Nd4 15. Nxd4 Qxd4 16. Nc3 Bf5 17. Re7 Rf7 18. Rae1 Raf8 19. h3 Qd8 20. Rxf7 Rxf7 21. Bxg7 Kxg7 22. Qe3 h5 23. b3 Qd4 24. Qd2 Qd7 25. Qe2 h4 26. Nd1 g5 27. Ne3 Be6 28. Nf1 Bf5 29. Nh2 Kf8 30. Qh5 Re7 31. Qh8+ Kf7 32. Rxe7+ Qxe7 33. Qh5+ Kg7 34. Qf3 Qe6 35. Nf1 Qd7 36. Ne3 Be6 37. Qe4 Bd5 38. Nxd5 cxd5 1/2-1/2

[Event "ESTCC-50 2025"]
[Site "Swidnica"]
[Date "2025.04.05"]
[Round "1.14"]
[White "Szmyd, Marek"]
[Black "Lauterbach, Ingrid"]
[Result "1-0"]
[Annotator "NA"]
[ECO "B07"]
[WhiteElo "1900"]
[BlackElo "1998"]
[PlyCount "77"]
[EventDate "2025.04.05"]
[EventType "team-tourn"]
[EventCountry "POL"]
[SourceTitle "playchess.com"]
[Source "ChessBase"]
[SourceQuality "1"]
[TimeControl "40/5400+30:1800+30"]

1. e4 d6 2. d4 Nf6 3. Nc3 e5 4. dxe5 dxe5 5. Qxd8+ Kxd8 6. Bc4 Ke8 7. f4 Nbd7 8. Nf3 Bd6 9. O-O a6 10. fxe5 Nxe5 11. Nxe5 Bxe5 12. Bf4 Bxf4 13. Rxf4 Be6 14. Nd5 Bxd5 15. Bxd5 Nxd5 16. exd5 f6 17. Re1+ Kf7 18. Rfe4 Rhe8 19. Kf2 Rxe4 20. Rxe4 Rd8 21. c4 f5 22. Rf4 Kf6 23. g4 g6 24. gxf5 g5 25. Re4 Rd7 26. Ke3 Kxf5 27. Kd4 h5 28. Re8 Rf7 29. c5 g4 30. d6 cxd6 31. cxd6 h4 32. Re7 Rf6 33. Re5+ Kg6 34. d7 Rf2 35. Rd5 Rxh2 36. d8=Q Rd2+ 37. Ke3 Rxd5 38. Qxd5 b5 39. Ke4 1-0

[Event "ESTCC-50 2025"]
[Site "Swidnica"]
[Date "2025.04.05"]
[Round "1.15"]
[White "Jackson, Sheila"]
[Black "Stec, Czeslaw"]
[Result "1/2-1/2"]
[Annotator "NA"]
[ECO "B12"]
[WhiteElo "2031"]
[BlackElo "1820"]
[PlyCount "71"]
[EventDate "2025.04.05"]
[EventType "team-tourn"]
[EventCountry "POL"]
[SourceTitle "playchess.com"]
[Source "ChessBase"]
[SourceQuality "1"]
[TimeControl "40/5400+30:1800+30"]

1. e4 c6 2. d4 d5 3. e5 Bf5 4. h4 h5 5. Bd3 Bxd3 6. Qxd3 e6 7. Nf3 c5 8. c3 Qb6 9. dxc5 Bxc5 10. O-O a5 11. Nbd2 a4 12. Rb1 Qa6 13. Qxa6 Nxa6 14. b3 axb3 15. axb3 Ne7 16. b4 Bb6 17. c4 Kd7 18. g3 Rhc8 19. Rd1 Ke8 20. c5 Bc7 21. Nf1 b6 22. Be3 bxc5 23. b5 d4 24. Bd2 Nb4 25. Bxb4 cxb4 26. Rxb4 Bb6 27. Nxd4 Rd8 28. Ne3 Nd5 29. Rc4 Ra3 30. Nc6 Nxe3 31. Rxd8+ Bxd8 32. fxe3 Bb6 33. Kg2 Rxe3 34. Ra4 Kd7 35. Rf4 Ke8 36. Ra4 1/2-1/2

[Event "ESTCC-50 2025"]
[Site "Swidnica"]
[Date "2025.04.05"]
[Round "1.16"]
[White "Kilanski, Janusz"]
[Black "Fink-Nunn, Petra"]
[Result "0-1"]
[Annotator "NA"]
[ECO "C50"]
[WhiteElo "1670"]
[BlackElo "1997"]
[PlyCount "84"]
[EventDate "2025.04.05"]
[EventType "team-tourn"]
[EventCountry "POL"]
[SourceTitle "playchess.com"]
[Source "ChessBase"]
[SourceQuality "1"]
[TimeControl "40/5400+30:1800+30"]

1. e4 e5 2. Nf3 Nc6 3. Bc4 Nf6 4. Nc3 Bc5 5. O-O d6 6. h3 a6 7. d3 h6 8. a3 O-O 9. Re1 Be6 10. Nd5 Bxd5 11. Bxd5 Nxd5 12. exd5 Ne7 13. c4 Nf5 14. Bd2 Qf6 15. Bc3 Nh4 16. Re4 Nxf3+ 17. Qxf3 Qxf3 18. gxf3 f5 19. Re2 a5 20. Kg2 a4 21. Rg1 f4 22. Re4 Rae8 23. Kf1 Kf7 24. d4 exd4 25. Bxd4 Rxe4 26. Rxg7+ Ke8 27. fxe4 Bxd4 28. Rxc7 Bxb2 29. Rxb7 Bxa3 30. Ra7 Bc5 31. Rxa4 Ke7 32. Kg2 Kf6 33. Kf3 Ke5 34. Ra1 Rb8 35. Re1 Rb3+ 36. Kg4 Bxf2 37. Re2 Rg3+ 38. Kh5 Rxh3+ 39. Kg4 Rg3+ 40. Kh5 Be3 41. Re1 Kxe4 42. Kh4 Rg1 0-1